 Dungeon Crawl Stone Soup version 0.28-a0-1182-g381e24db82 (webtiles) character file.

Game seed: 17310166618539614226

68 jtrev the Cudgeller (level 4, -5/28 HPs)
             Began as a Gargoyle Berserker on Dec 16, 2021.
             Was a Believer of Trog.
             Splashed by a jelly's acid (9 damage)
             ... on level 3 of the Dungeon.
             The game lasted 00:04:54 (2400 turns).

jtrev the Cudgeller (Gargoyle Berserker)            Turns: 2400, Time: 00:04:55

Health: -5/28      AC: -6    Str: 22    XL:     4   Next: 19%
Magic:  4/4        EV: 11    Int:  8    God:    Trog [**....]
Gold:   122        SH:  0    Dex:  9    Spells: 3/3 levels left

rFire   . . .      SeeInvis .   i - +1 whip (drain)
rCold   . . .      Faith    .   (no shield)
rNeg    + . .      Spirit   .   b - +0 animal skin
rPois   ∞          Reflect  .   (no helmet)
rElec   +          Harm     .   (no cloak)
rCorr   .          Rampage  .   (no gloves)
Will    .....                   (no boots)
Stlth   +.........              (no amulet)
HPRegen 0.09/turn               (no ring)
MPRegen 0.09/turn               (no ring)

@: corroded
A: sickness immunity, AC +3, negative energy resistance 1, electricity
resistance, torment resistance 1, petrification resistance
a: Renounce Religion, Berserk, Trog's Hand


You were on level 3 of the Dungeon.
You worshipped Trog.
Trog was pleased with you.
You visited 1 branch of the dungeon, and saw 3 of its levels.

You collected 122 gold pieces.

Inventory:

Hand Weapons
 a - a +0 mace
 g - a +0 broad axe
   (You found it on level 1 of the Dungeon)
 i - a +1 whip of draining (weapon)
   (You found it on level 2 of the Dungeon)
Armour
 b - a +0 animal skin (worn)
 f - a +0 pair of boots
   (You found it on level 1 of the Dungeon)
Jewellery
 k - a ring of ice
   (You found it on level 2 of the Dungeon)
Scrolls
 d - a scroll of torment {unknown}
 e - 2 scrolls of identify {unknown}
 h - a scroll of teleportation {unknown}
 j - a scroll of summoning {unknown}
Potions
 c - 2 potions of brilliance {unknown}


   Skills:
 - Level 3.2 Fighting
 + Level 2.0(3.2) Axes
 * Level 4.2(4.5) Maces & Flails
 - Level 2.1 Armour
 - Level 1.5 Dodging


You had 3 spell levels left.
You didn't know any spells.
Your spell library was empty.

Dungeon Overview and Level Annotations

Branches:
Dungeon (3/15)

Altars:


Innate Abilities, Weirdness & Mutations

You are immune to sickness and miasma.
Your stone body is resilient. (AC +3)
You are immune to poison.
You resist negative energy. (rN+)
You are resistant to electric shocks. (rElec)
You are resistant to unholy torment.
You are immune to petrification.


Message History

You climb upwards.
There is a stone staircase leading down here.
You see here a +0 hunting sling.
There is a stone staircase leading down here.
You climb downwards.
There is a stone staircase leading up here.
You climb upwards.
There is a stone staircase leading down here.
There is a stone staircase leading down here.
You climb downwards.
The adder hisses angrily.
There is a stone staircase leading up here.
Found 7 gold pieces.
The adder bites you.
You miss the adder.
The jelly quivers.
The adder bites you.
You closely miss the adder. The adder bites you. The adder closely misses you.
You barely miss the adder. The adder bites you.
You hit the adder. You drain the adder. The adder closely misses you.
You closely miss the adder. The adder closely misses you.
You hit the adder. The adder barely misses you.
You closely miss the adder. The adder bites you but does no damage.
You barely miss the adder. The adder bites you but does no damage.
The adder bites you.
You hit the adder.
You kill the adder!
Trog accepts your kill.
Your base Axes skill increases to level 2!
The jelly hits you but does no damage.
You hit the jelly. The acid corrodes you!
Your hands burn!
The jelly misses you.
You hit the jelly but do no damage.
Your hands burn!
* * * LOW HITPOINT WARNING * * *
The jelly barely misses you.
You hit the jelly but do no damage. The acid corrodes you!
Your hands burn!
* * * LOW HITPOINT WARNING * * *
The jelly barely misses you.
You completely miss the jelly. The jelly barely misses you.
Unknown command.
You hit the jelly. You drain the jelly.
Your hands burn!
* * * LOW HITPOINT WARNING * * *
The jelly closely misses you.
Unknown command.
Unknown command.
You hit the jelly but do no damage.
Your hands burn!
* * * LOW HITPOINT WARNING * * *
The jelly hits you.
* * * LOW HITPOINT WARNING * * *
The acid corrodes you!
You are splashed with acid!
You die...

#.# # ##.
#.. $.... #
..#.#.#.#
#.#...... #
#.#.#..#
.#.##.#....#
.......<..#
...##...#.#
#.#@# # . .
#.#J# .. ...
# #.#
...####.....
...
#..<.......
#.#
#######..#.
... ... ##.


You could see a jelly (drained).

Vanquished Creatures
  3 adders
  A worm (D:2)
  A dart slug (D:2)
  5 endoplasms
  A giant cockroach (D:2)
  3 goblins
  4 hobgoblins
  3 kobolds
  4 ball pythons
  5 bats
  2 frilled lizards (D:1)
  4 rats
36 creatures vanquished.

Vanquished Creatures (others)
  2 fungi (D:2)
  3 plants (D:2)
5 creatures vanquished.

Grand Total: 41 creatures vanquished

Notes
Turn   | Place    | Note
-------+----------+-------------------------------------------
     0 | D:1      | jtrev the Gargoyle Berserker began the quest for the Orb.
     0 | D:1      | Reached XP level 1. HP: 14/14 MP: 1/1
   307 | D:1      | Reached XP level 2. HP: 6/19 MP: 2/2
  1252 | D:2      | Reached skill level 1 in Axes
  1252 | D:2      | Reached XP level 3. HP: 20/23 MP: 3/3
  1404 | D:2      | Reached ** piety under Trog
  1704 | D:2      | Found a faded altar of an unknown god.
  1901 | D:2      | Reached skill level 4 in Maces & Flails
  2013 | D:2      | Reached XP level 4. HP: 28/28 MP: 4/4
  2400 | D:3      | Splashed by a jelly's acid

Illustrated notes

Levels and vault maps discovered:
D:1:      zelgadis_glass_arrival_small, layout_basic
D:2:      layout_basic, shapermc_ecumenical_altar_ellora, minmay_tall_x
D:3:      layout_basic

Skill      XL: |  1  2  3  4 |
---------------+-------------+-----
Axes           | 1 2 |  2.0
Maces & Flails | 4 |  4.2
Fighting       | |  3.2
Armour         | |  2.1
Dodging        | |  1.5

Action                   |  1- 3 |  4- 6 || total
-------------------------+-------+-------++-------
Melee: Mace              |    36 |       ||    36
       Broad axe         |    38 |       ||    38
       Whip              |    26 |    15 ||    41
 Stab: Sleeping          |     1 |       ||     1
Armor: Animal skin       |    51 |     3 ||    54
Dodge: Dodged            |    89 |     9 ||    98

Table legend: (Time is in decaauts)
 A = Elapsed time spent in this place.
 B = Non-inter-level travel time spent in this place.
 C = Inter-level travel time spent in this place.
 D = Time resting spent in this place.
 E = Time spent auto-exploring this place.
 F = Levels seen in this place.
 G = Mean time per level.
                   A        B        C        D        E       F      G
               +--------+--------+--------+--------+--------+-----+--------+
         Total |   2424 |   2124 |    300 |    215 |   1585 |   3 |  808.0 |
       Dungeon |   2424 |   2124 |    300 |    215 |   1585 |   3 |  808.0 |
               +--------+--------+--------+--------+--------+-----+--------+

Top non-repeatable levels by time:
     D:2: 1248 daAuts
     D:1: 1153 daAuts
     D:3: 22 daAuts
